 Dungeon Crawl Stone Soup version 0.29-a0-617-g7a6b98fccd (console) character file.

Game seed: 12918163570024307595

96 om the Cudgeller (level 4, -5/45 HPs)
             Began as a Troll Fighter on June 17, 2022.
             Slain by an orc
             ... wielding a +0 hand axe of electrocution
              (12 damage)
             ... on level 3 of the Dungeon.
             The game lasted 00:06:28 (1923 turns).

om the Cudgeller (Troll Fighter)                    Turns: 1923, Time: 00:06:28

Health: -5/45      AC:  4    Str: 24    XL:     4   Next: 41%
Magic:  3/3        EV:  9    Int:  4    God:
Gold:   117        SH:  8    Dex: 11    Spells: 3/3 levels left

rFire   . . .      SeeInvis .   a - +1 flail
rCold   . . .      Faith    .   c - +1 kite shield
rNeg    . . .      Spirit   .   b - +0 robe
rPois   .          Reflect  .   (helmet restricted)
rElec   .          Harm     .   (no cloak)
rCorr   .          Rampage  .   (gloves unavailable)
Will    .....                   (boots unavailable)
Stlth   +.........              (no amulet)
HPRegen 0.95/turn               (no ring)
MPRegen 0.08/turn               (no ring)

@: no status effects
A: large, unfitting armour, claws 3, regeneration 1, shaggy fur 1, tough skin 1
a: no special abilities


You were on level 3 of the Dungeon.
You visited 1 branch of the dungeon, and saw 3 of its levels.

You collected 117 gold pieces.

Inventory:

Hand Weapons
 a - a +1 flail (weapon)
Armour
 b - a +0 robe (worn)
 c - a +1 kite shield (worn)
Scrolls
 f - a scroll of poison
 n - a scroll of torment
Potions
 d - 2 potions of might
 e - 4 potions of mutation {unknown}
 g - a potion of heal wounds {unknown}
 h - a potion of brilliance
 j - 2 potions of curing {unknown}
 k - a potion of lignification {unknown}


   Skills:
 - Level 3.0 Fighting
 * Level 3.3 Maces & Flails
 + Level 3.0 Dodging
 - Level 2.6 Shields


You had 3 spell levels left.
You didn't know any spells.
Your spell library contained the following spells:

 Spells                   Type           Power      Damage    Failure   Level
 Freeze                   Ice            0%         1d3       80%         1
 Call Canine Familiar     Summ           0%         N/A       99%         3
 Portal Projectile        Hex/Tloc       0%         N/A       99%         3
 Leda's Liquefaction      Hex/Erth       0%         N/A       100%        4


Dungeon Overview and Level Annotations

Branches:
Dungeon (3/15)

Altars:


Innate Abilities, Weirdness & Mutations

You are too large for most types of armour.
You have claws for hands.
Your natural rate of healing is unusually fast.
You are covered in fur. (AC +1)
You have tough skin. (AC +1)


Message History

You hit the orc but do no damage. You block the orc's attack. x3
You hit the orc but do no damage. The orc hits you with a +0 hand axe.
The orc barely misses you. The orc hits you but does no damage.
You thump the orc!
You kill the orc!
You block the orc's attack. The orc hits you but does no damage.
You block the orc's attack. The orc barely misses you. x2
You hit the orc.
The orc is severely wounded.
The orc closely misses you. The orc barely misses you.
The orc hits you but does no damage.
You hit the orc but do no damage.
The orc is severely wounded.
The orc closely misses you. The orc hits you with a +0 mace.
You block the orc's attack.
You closely miss the orc.
The orc is severely wounded.
You block the orc's attack.
The orc hits you with a +0 hand axe of electrocution.
You block the orc's attack. x2
The orc hits you with a +0 hand axe of electrocution.
The orc hits you but does no damage.
You closely miss the orc.
The orc is severely wounded.
You hear the slow rusting of a very distant drain.
The orc barely misses you. You block the orc's attack.
The orc hits you with a +0 mace!
You hit the orc.
The orc is moderately wounded.
You block the orc's attack. The orc hits you with a +0 mace.
The orc hits you but does no damage. You block the orc's attack.
The orc hits you with a +0 club.
The orc hits you with a +0 hand axe of electrocution.
You are too injured to fight recklessly!
You closely miss the orc.
The orc is moderately wounded.
The orc closely misses you. The orc hits you with a +0 club.
You block the orc's attack.
You are too injured to fight recklessly!
You are too injured to fight recklessly!
You closely miss the orc.
The orc is severely wounded.
The orc hits you with a +0 mace. The orc hits you with a +0 club.
* * * LOW HITPOINT WARNING * * *
The orc hits you with a +0 hand axe of electrocution.
* * * LOW HITPOINT WARNING * * *
You are electrocuted!
You die...

.. ####.
..#.##
....# ....
.## #.g#
.... #oo#
.....#o@#
#....#
#.##.##
###.#...##
........<##
####......#
#.......#
#......#.#
#...#####.#
...# #..
... ####


You could see 3 orcs and a hobgoblin.

Vanquished Creatures
  3 adders
  3 dart slugs (D:1)
  2 worms (D:2)
  2 orcs (D:3)
  4 endoplasms
  3 giant cockroaches (D:1)
  6 goblins
  3 hobgoblins
  7 kobolds
  4 quokkas
  4 ball pythons (D:1)
  2 bats (D:1)
  5 frilled lizards
  8 rats
56 creatures vanquished.

Vanquished Creatures (others)
  A fungus (D:1)
  2 plants (D:1)
3 creatures vanquished.

Grand Total: 59 creatures vanquished

Notes
Turn   | Place    | Note
-------+----------+-------------------------------------------
     0 | D:1      | om the Troll Fighter began the quest for the Orb.
     0 | D:1      | Reached XP level 1. HP: 22/22 MP: 0/0
    95 | D:1      | Reached XP level 2. HP: 29/29 MP: 1/1
   297 | D:1      | Found a faded altar of an unknown god.
   301 | D:1      | Got Plato's Papyrus of the Glacier
   396 | D:1      | Reached XP level 3. HP: 36/36 MP: 2/2
  1248 | D:2      | Reached XP level 4. HP: 44/44 MP: 3/3
  1259 | D:2      | Identified the +0 pair of gloves "Wioxkeise" {rC+ rN++
                  | Regen+ Str-5}
  1923 | D:3      | Slain by an orc

Illustrated notes

Levels and vault maps discovered:
D:1:      sevenhm_arrival_forest_fort_small_4, layout_basic,
          shapermc_ecumenical_altar_rom_forum
D:2:      minmay_door_path, layout_basic, minmay_nonomino_d4
D:3:      layout_loops_ring, gup_sewer_entry_spiral, serial_forest,
          infiniplex_forest_straight_3, infiniplex_forest_clump_small,
          infiniplex_forest_corner_1, infiniplex_forest_lined_corner,
          infiniplex_forest_clump_medium, infiniplex_forest_straight_2,
          infiniplex_forest_straight_1, minmay_misc_feat_doors,
          serial_bayou_pond_d

Skill      XL: |  1  2  3  4 |
---------------+-------------+-----
Maces & Flails | 2 3 |  3.3
Fighting       | 3 |  3.0
Dodging        | 3 |  3.0
Shields        | |  2.6

Action                   |  1- 3 |  4- 6 || total
-------------------------+-------+-------++-------
Melee: Flail             |    89 |    51 ||   140
  Use: Scroll            |     5 |     5 ||    10
 Stab: Sleeping          |       |     1 ||     1
Armor: Robe              |    33 |    17 ||    50
Dodge: Dodged            |    32 |    22 ||    54
Block: Kite shield       |    24 |    34 ||    58

Table legend: (Time is in decaauts)
 A = Elapsed time spent in this place.
 B = Non-inter-level travel time spent in this place.
 C = Inter-level travel time spent in this place.
 D = Time resting spent in this place.
 E = Time spent auto-exploring this place.
 F = Levels seen in this place.
 G = Mean time per level.
                   A        B        C        D        E       F      G
               +--------+--------+--------+--------+--------+-----+--------+
         Total |   1988 |   1864 |    124 |      5 |   1372 |   3 |  662.7 |
       Dungeon |   1988 |   1864 |    124 |      5 |   1372 |   3 |  662.7 |
               +--------+--------+--------+--------+--------+-----+--------+

Top non-repeatable levels by time:
     D:1: 1159 daAuts
     D:2: 774 daAuts
     D:3: 54 daAuts
